 Dungeon Crawl Stone Soup version 0.24.1-5-g77f818bfca (webtiles) character file.

Game seed: 12335248358993188430, levelgen mode: deterministic

856 lepoulpe303 the Archer (level 7, -17/58 HPs)
             Began as a Centaur Hunter on Apr 24, 2020.
             Was a Follower of Okawaru.
             Demolished by a two-headed ogre
             ... wielding a cursed -1 giant club
              (20 damage)
             ... on level 4 of the Dungeon.
             The game lasted 00:15:28 (4787 turns).

lepoulpe303 the Archer (Centaur Hunter)             Turns: 4787, Time: 00:15:29

Health: -17/58     AC:  7    Str: 16    XL:     7   Next: 70%
Magic:  8/8        EV:  9    Int: 10    God:    Okawaru [*.....]
Gold:   215        SH:  0    Dex: 10    Spells: 6/6 levels left

rFire    . . .     SeeInvis +   a - +0 hand axe
rCold    . . .     Gourm    .   (no shield)
rNeg     . . .     Faith    .   p - +0 ring mail
rPois    .         Spirit   .   (no helmet)
rElec    .         Reflect  .   h - +0 cloak
rCorr    .         Harm     .   f - +0 pair of gloves (curse)
MR       .....                  (no barding)
Stlth    ..........             (no amulet)
HPRegen  0.19/turn              S - ring of see invisible
MPRegen  0.11/turn              (no ring)

@: very quick
A: large, hooves 3, deformed body, speed 2, tough skin 3
a: Heroism, Renounce Religion


You were on level 4 of the Dungeon.
You worshipped Okawaru.
Okawaru was aware of your devotion.
You were hungry.

You visited 1 branch of the dungeon, and saw 4 of its levels.

You collected 215 gold pieces.

Inventory:

Hand Weapons
 a - a +0 hand axe (weapon)
 b - a +1 shortbow
Missiles
 o - 32 poisoned darts (quivered)
 Q - 27 arrows
Armour
 c - a +0 leather armour
 f - a cursed +0 pair of gloves (worn)
 h - a +0 cloak (worn)
 p - a +0 ring mail (worn)
Jewellery
 S - a ring of see invisible (left hand)
Scrolls
 g - 2 scrolls of immolation {unknown}
 i - 2 scrolls of identify
 j - a scroll of remove curse {unknown}
 m - 2 scrolls of fear {unknown}
 n - a scroll of enchant weapon {unknown}
 r - a scroll of amnesia {unknown}
 t - a scroll of enchant armour {unknown}
 u - a scroll of magic mapping {unknown}
Potions
 k - 2 potions of lignification {!q}
 l - a potion of haste {unknown}
 q - 2 potions of might {unknown}
 s - 2 potions of agility
Comestibles
 e - 11 rations


   Skills:
 + Level 3.9 Fighting
 * Level 3.9 Axes
 * Level 8.5 Bows
 + Level 2.9 Dodging
 - Level 0.4 Stealth
 + Level 2.2 Invocations


You had 6 spell levels left.
You didn't know any spells.
Your spell library was empty.

Dungeon Overview and Level Annotations

Branches:
Dungeon (4/15)
 Temple: D:4-7

Altars:
Makhleb
Okawaru
Xom
Yredelemnul


Innate Abilities, Weirdness & Mutations

You have hooves in place of feet.
Armour fits poorly on your strangely shaped body.
You cover ground very quickly.
You have extremely tough skin. (AC +3)


Message History

You kill the howler monkey!
You hit the two-headed ogre.
The two-headed ogre barely misses you. x2
You see here an arrow.
You see here an arrow.
An orc wizard comes into view. It is wielding a +0 club.
You see here an arrow.
You see here an arrow.
The two-headed ogre hits you with a cursed -1 giant club.
* * * LOW HITPOINT WARNING * * *
The two-headed ogre barely misses you.
You take 2 damage, and have 32/58 hp.
An orc comes into view. It is wielding a +0 short sword.
The orc shouts!
The orc wizard gestures at you while chanting.
The puff of flame hits you but does no damage.
The two-headed ogre hits you with a cursed -1 giant club!!
Ouch! That really hurt!
* * * LOW HITPOINT WARNING * * *
The two-headed ogre hits you with a cursed -2 giant club!!
You die...

########.# #..#
.......... #......#
#..# ..........
#.####.#o# #..#
....######
#.#....#.# #..#
..). #.#.##.#.#
#..# ... #####
#.#.##.#.# #..# ..
#.... #.#....#.#
#..# #....
#.#.####.# #.O#
#....
###.######)#####@.#
#....
#......((..o(..o..#
#....
##########.#####.##
#.... #... ...#
#.... ##### ####
#.... #.... +....
#.... #####


You could see a two-headed ogre, an orc wizard and an orc.

Levels and vault maps discovered:
D:1:      ebering_hopf_link, layout_basic
D:2:      layout_basic, minitemple, first_ration, uniq_jessica
D:3:      layout_basic, okawaru_trees_1, yredelemnul_forgotten_temple_becter,
          chequers_serial_rivers_micro_c, uniq_crazy_yiuf_cottage
D:4:      layout_basic, minmay_goblin_outpost, uniq_pikel

Notes
Turn   | Place    | Note
-------+----------+-------------------------------------------
     0 | D:1      | lepoulpe303 the Centaur Hunter began the quest for the Orb.
     0 | D:1      | Reached XP level 1. HP: 17/17 MP: 1/1
    16 | D:1      | Identified a +0 short sword
    41 | D:1      | Identified a +0 dagger
    54 | D:1      | Identified a +0 dagger
    55 | D:1      | Identified a +0 club
   317 | D:1      | Identified a +0 club
   550 | D:1      | Reached XP level 2. HP: 24/24 MP: 2/2
   611 | D:1      | Identified a +0 dagger
   619 | D:1      | Identified a +0 club
   625 | D:1      | Identified a cursed +0 pair of gloves (You found it on
                  | level 1 of the Dungeon)
   747 | D:1      | Identified a +0 short sword
   933 | D:1      | Identified a +0 hand axe (You found it on level 1 of the
                  | Dungeon)
   934 | D:1      | Identified a +1 shortbow
  1168 | D:1      | Identified a +0 ring mail (You found it on level 1 of the
                  | Dungeon)
  1251 | D:2      | Reached skill level 6 in Bows
  1251 | D:2      | Reached XP level 3. HP: 12/30 MP: 3/3
  1270 | D:2      | HP: 7/30 [poisoned by an adder]
  1533 | D:2      | Identified a +0 club
  1739 | D:2      | Identified a +0 robe
  1739 | D:2      | Noticed Jessica
  1759 | D:2      | Killed Jessica
  1759 | D:2      | Reached skill level 1 in Axes
  1759 | D:2      | Reached XP level 4. HP: 32/37 MP: 4/4
  1775 | D:2      | Reached skill level 2 in Dodging
  2090 | D:2      | Identified a +0 dagger
  2126 | D:2      | Identified a +0 club
  2176 | D:2      | Found a shimmering altar of Xom.
  2180 | D:2      | Found a burning altar of Makhleb.
  2358 | D:3      | Identified a +0 club
  2363 | D:3      | Identified a +0 dagger
  2480 | D:3      | Identified a +0 flail
  2480 | D:3      | Identified a +0 spear
  2480 | D:3      | Identified a +0 spear
  2482 | D:3      | Identified a cursed -2 flail
  2484 | D:3      | Identified a +0 club
  2484 | D:3      | Identified a +0 scale mail
  2485 | D:3      | Identified a +0 whip
  2487 | D:3      | Identified a +0 trident
  2489 | D:3      | Identified a +0 club
  2820 | D:3      | Reached skill level 2 in Axes
  2820 | D:3      | Reached XP level 5. HP: 28/44 MP: 5/5
  2928 | D:3      | Identified a +0 flail
  2949 | D:3      | Found an iron altar of Okawaru.
  2961 | D:3      | Identified a +0 spear
  2961 | D:3      | Identified a +0 chain mail
  2967 | D:3      | Identified a +0 dagger
  2992 | D:3      | HP: 11/44 [poisoned by a goblin]
  2998 | D:3      | HP: 9/44 [poisoned by a goblin]
  3003 | D:3      | HP: 8/44 [poisoned by a goblin]
  3009 | D:3      | HP: 6/44 [poisoned by a goblin]
  3014 | D:3      | HP: 6/44 [poisoned by a goblin]
  3019 | D:3      | HP: 5/44 [poisoned by a goblin]
  3025 | D:3      | HP: 5/44 [poisoned by a goblin]
  3031 | D:3      | HP: 4/44 [poisoned by a goblin]
  3356 | D:3      | Reached skill level 3 in Fighting
  3399 | D:3      | Reached skill level 7 in Bows
  3453 | D:3      | Identified 6 scrolls of identify
  3453 | D:3      | Identified a ring of attention (You found it on level 3 of
                  | the Dungeon)
  3509 | D:3      | Identified a +0 club
  3557 | D:3      | Became a worshipper of Warmaster Okawaru
  3650 | D:3      | Found a runed translucent door.
  3651 | D:3      | Identified a +4 quarterstaff of chaos
  3651 | D:3      | Identified a +0 cloak
  3651 | D:3      | Noticed Crazy Yiuf
  3672 | D:3      | Found a basalt altar of Yredelemnul.
  3771 | D:3      | Killed Crazy Yiuf
  3848 | D:4      | Reached XP level 6. HP: 51/51 MP: 6/6
  3918 | D:4      | Identified a ring of see invisible (You found it on level 4
                  | of the Dungeon)
  3920 | D:4      | Identified 2 potions of agility
  3921 | D:4      | Identified 2 potions of lignification
  3980 | D:4      | Identified a +0 hunting sling
  3980 | D:4      | Identified a +0 club
  3980 | D:4      | Identified a +0 club
  3980 | D:4      | Identified a +0 club
  3981 | D:4      | Identified a +0 dagger
  4414 | D:4      | Noticed a slave
  4484 | D:4      | Killed a slave
  4546 | D:4      | Identified a +0 whip of freezing
  4546 | D:4      | Identified a +0 robe
  4546 | D:4      | Noticed Pikel
  4546 | D:4      | Noticed a slave
  4546 | D:4      | Identified a cursed -1 giant club
  4546 | D:4      | Identified a cursed -2 giant club
  4546 | D:4      | Noticed a two-headed ogre
  4604 | D:4      | HP: 10/51 [Pikel/+0 whip of freezing (7)]
  4637 | D:4      | Killed Pikel
  4637 | D:4      | Reached * piety under Okawaru
  4637 | D:4      | Reached skill level 3 in Axes
  4637 | D:4      | Reached skill level 8 in Bows
  4637 | D:4      | Reached skill level 2 in Invocations
  4637 | D:4      | Reached XP level 7. HP: 15/58 MP: 6/8
  4770 | D:4      | Identified a cursed +0 club
  4770 | D:4      | Identified a +0 robe
  4787 | D:4      | Identified a +0 short sword
  4787 | D:4      | HP: 3/58 [two-headed ogre/cursed -1 giant club (29)]
  4787 | D:4      | Demolished by a two-headed ogre

Table legend:
 A = Turns spent in this place as a percentage of turns spent in the entire game.
 B = Non-inter-level travel turns spent in this place as a percentage of non-inter-level travel turns spent in the entire game.
 C = Inter-level travel turns spent in this place as a percentage of turns spent in this place.
 D = Turns resting spent in this place as a percentage of non-inter-level travel turns spent in this place.
 E = Turns spent auto-exploring this place as a percentage of non-inter-level travel turns spent in this place.
 F = Non-inter-level travel turns spent in this place divided by the number of levels of this place that you've seen.
                   A       B       C       D       E      F
               +-------+-------+-------+-------+-------+----------------------
         Total | 100.0 | 100.0 |   5.8 |  29.5 |  43.1 | 1127.2
       Dungeon | 100.0 | 100.0 |   5.8 |  29.5 |  43.1 | 1127.2
               +-------+-------+-------+-------+-------+----------------------

Table legend:
 A = Kills in this place as a percentage of kills in entire the game.
 B = Kills by you in this place as a percentage of kills by you in the entire game.
 C = Kills by friends in this place as a percentage of kills by friends in the entire game.
 D = Other kills in this place as a percentage of other kills in the entire game.
 E = Experience gained in this place as a percentage of experience gained in the entire game.
 F = Experience gained in this place divided by the number of levels of this place that you have seen.
                   A       B       C       D       E      F
               +-------+-------+-------+-------+-------+----------------------
         Total | 100.0 | 100.0 |   N/A |   N/A | 100.0 | 306.0
       Dungeon | 100.0 | 100.0 |   N/A |   N/A | 100.0 | 306.0
               +-------+-------+-------+-------+-------+----------------------

Skill      XL: |  1  2  3  4  5  6 |
---------------+-------------------+-----
Bows           | 6 7 8 |  8.5
Axes           | 1 2 3 |  3.9
Dodging        | 2 |  2.9
Fighting       | 3 |  3.9
Invocations    | 2 |  2.2
Stealth        | |  0.4

Action                   |  1- 3 |  4- 6 |  7- 9 || total
-------------------------+-------+-------+-------++-------
Melee: Short sword       |    68 |       |       ||    68
       Kick              |    16 |    13 |       ||    29
       Hand axe          |    28 |    78 |     5 ||   111
 Fire: Shortbow          |     3 |   237 |     6 ||   246
Throw: Dart              |    11 |       |       ||    11
  Use: Scroll            |       |     4 |       ||     4
  Eat: Chunk             |     2 |     7 |       ||     9
Armor: Leather armour    |    30 |       |       ||    30
       Ring mail         |    11 |    34 |     3 ||    48
Dodge: Dodged            |    41 |    59 |     4 ||   104

Vanquished Creatures
  Pikel (D:4)
  A slave (D:4)
  A scorpion (D:4)
  A howler monkey (D:4)
  An orc priest (D:3)
  Crazy Yiuf (D:3)
  Jessica (D:2)
  A worker ant (D:4)
  4 gnolls (D:3)
  6 adders
  2 worms
  2 dart slugs
  2 leopard geckos
  4 orcs (D:3)
  3 giant cockroaches
  11 hobgoblins
  11 jackals (D:3)
  11 kobolds
  4 quokkas
  6 bats
  7 frilled lizards
  12 goblins
  10 rats
  A spectral orc (D:3)
104 creatures vanquished.

Vanquished Creatures (others)
  2 slaves (D:4)
2 creatures vanquished.

Grand Total: 106 creatures vanquished
